 Dungeon Crawl Stone Soup version 0.30-a0-165-g1891117ce2 (webtiles) character file.

Game seed: 12388374012515269629

1992 qw the Cleaver (level 9, -7/55 HPs)
             Began as a Gargoyle Fighter on Sept 28, 2022.
             Was an Initiate of Okawaru.
             Mangled by Prince Ribbit (13 damage)
             ... on level 5 of the Dungeon.
             The game lasted 00:02:36 (6766 turns).

qw the Cleaver (Gargoyle Fighter)                   Turns: 6766, Time: 00:02:36

Health: -7/55      AC: 19    Str: 29    XL:     9   Next: 21%
Magic:  9/9        EV:  7    Int:  9    God:    Okawaru [......]
Gold:   227        SH:  4    Dex:  9    Spells: 8/8 levels left

rFire   . . .      SeeInvis .    Y - +2 war axe
rCold   + + +      Faith    .    i - +0 buckler of the Maze {rPois rC++ Str+5}
rNeg    + + .      Spirit   .    e - +0 plate armour {rC+}
rPois   inf        Reflect  .    (no helmet)
rElec   +          Harm     .    f - +0 cloak
rCorr   .          Rampage  .    (no gloves)
Will    .....                    (no boots)
Stlth   ..........               (no amulet)
HPRegen 0.18/turn                o - ring of positive energy
MPRegen 0.11/turn                (no ring)

@: about to teleport
A: sickness immunity, AC +6, negative energy resistance 1, electricity
resistance, torment resistance 1, petrification resistance, MP-powered wands
a: Renounce Religion


You were on level 5 of the Dungeon.
You worshipped Okawaru.
Okawaru was noncommittal.
You visited 2 branches of the dungeon, and saw 7 of its levels.

You collected 227 gold pieces.


Innate Abilities, Weirdness & Mutations

You are immune to sickness and miasma.
Your stone body is resilient. (AC +6)
You are immune to poison.
You resist negative energy. (rN+)
You are resistant to electric shocks. (rElec)
You are resistant to unholy torment.
You are immune to petrification.
You expend magic power (3 MP) to strengthen your wands.


   Skills:
 - Level 6.0 Fighting
 - Level 9.1 Axes
 - Level 1.2 Throwing
 - Level 5.0 Armour
 - Level 1.2 Dodging
 + Level 3.9 Shields


You had 8 spell levels left.
You didn't know any spells.
Your spell library was empty.

Inventory:

Hand Weapons
 p - a +1 flail of protection
 Y - a +2 war axe (weapon)
Missiles
 c - 2 silver boomerangs (quivered)
 m - 2 boomerangs
Armour
 e - a +0 plate armour of cold resistance (worn)
 f - a +0 cloak (worn)
 i - the +0 buckler of the Maze (worn) {rPois rC++ Str+5}
   (You acquired it on level 4 of the Dungeon)

   Str:       It affects your strength (+5).
   rC:        It greatly protects you from cold.
   rPois:     It protects you from poison.
Jewellery
 l - a ring of positive energy
 o - a ring of positive energy (left hand)
Wands
 g - a wand of digging (5)
Scrolls
 b - 2 scrolls of identify
Potions
 a - 2 potions of haste
 d - 3 potions of might
 j - a potion of mutation
 k - 4 potions of curing
 n - a potion of lignification

Dungeon Overview and Level Annotations

Branches:
Dungeon (6/15)             Temple (1/1) D:6

Altars:
Ashenzari
Cheibriados
Dithmenos
Elyvilon
Fedhas
Gozag
Hepliaklqana
Makhleb
Nemelex Xobeh
Okawaru
Qazlal
Ru
Sif Muna
Trog
Uskayaw
Vehumet
Wu Jian
Yredelemnul
Zin
The Shining One

Annotations:
D:5 Prince Ribbit


Message History

Enter note:
Enter note:
Enter note:
Enter note:
Enter note:
Enter note:
Enter note:
Enter note:
Enter note:
Enter note:
Enter note:
Enter note:
Enter note:
Enter note:
Enter note:
Enter note:
Enter note:
Enter note:
Enter note:
Enter note:
Enter note:
Enter note:
Enter note:
Enter note:
Enter note:
Enter note: You barely miss Prince Ribbit.
You block Prince Ribbit's attack.
You closely miss Prince Ribbit.
Prince Ribbit hits you but does no damage.
Prince Ribbit hits you.
You miss Prince Ribbit. Prince Ribbit hits you! x2
You closely miss Prince Ribbit. Prince Ribbit hits you!
6766 ||| READING scroll of teleportation.
As you read the scroll of teleportation, it crumbles to dust.
You feel strangely unstable. Prince Ribbit hits you!
You die...

######.#####.######
#############.......# #.#.....
#.............####..# #.#.####
#.################..####.#.## #.#
#......).))....# #.#
#.####:.###.#..### #.#
#.####..<......... #.#
#.......###.##.... #.#
##########@####....#.####.# ###.#
#........F.# #.##.#.# #...
#...###.########.# #.##.#.# #..#
#.............##.####.#.#..# #..#
#.#####.#####......##..###.###..#
....# #.# ##..###.##.## ##.....)
###.###.# #...# #.....# ##..... #
#.....####...###.##.## ##.#####
###.###.##.........##..###..#


You could see Prince Ribbit.

Vanquished Creatures
  Grinder (D:5)
  Sigmund (D:3)
  Duvessa (D:4)
  A water moccasin (D:5)
  2 ice beasts
  A sky beast (D:3)
  2 ogres
  A phantom (D:6)
  A necrophage (D:5)
  A bullfrog (D:3)
  2 scorpions
  Dowan (D:4)
  A gnoll bouda (D:5)
  2 orc priests (D:5)
  3 iguanas (D:5)
  Natasha (thrice) (D:4)
  6 orc wizards
  Ijyb (D:4)
  5 adders
  3 gnolls (D:5)
  2 worms (D:3)
  3 dart slugs
  32 orcs
  5 bats
  9 endoplasms
  8 giant cockroaches
  3 goblins
  5 hobgoblins
  2 jackals (D:5)
  8 kobolds
  2 quokkas
  5 ball pythons
  2 frilled lizards
  3 rats
128 creatures vanquished.

Vanquished Creatures (others)
  2 plants (D:2)
2 creatures vanquished.

Grand Total: 130 creatures vanquished

Notes
Turn   | Place    | Note
-------+----------+-------------------------------------------
     0 | D:1      | qw the Gargoyle Fighter began the quest for the Orb.
     0 | D:1      | Reached XP level 1. HP: 14/14 MP: 1/1
     0 | D:1      | 0 ||| qw: Version: 0.2-a-12-gaebbb33
     0 | D:1      | 0 ||| qw: Game counter: 870
     0 | D:1      | 0 ||| qw: Always use a shield: true
     0 | D:1      | 0 ||| qw: God list: Okawaru
     0 | D:1      | 0 ||| qw: Allow faded altars: false
     0 | D:1      | 0 ||| qw: Do Orc after D:15 true
     0 | D:1      | 0 ||| qw: Do second Lair branch before Depths: true
     0 | D:1      | 0 ||| qw: Lair rune preference: random
     0 | D:1      | 0 ||| qw: Plans: Normal, Zot:1-4, God:TSO, Crypt, Tomb,
                  | Pan, Slime:5, Hells, Abyss, Orb
     0 | D:1      | 0 ||| PLANNING D:1-11
    32 | D:1      | Reached skill level 2 in Axes
   339 | D:1      | Reached XP level 2. HP: 19/19 MP: 2/2
   844 | D:1      | 844 ||| DROPPING amulet of faith.
   845 | D:1      | 845 ||| UPGRADING to ring of positive energy.
   846 | D:1      | 846 ||| READING 2 scrolls labelled ATYCEASHR KUVIGG.
   847 | D:1      | 847 ||| READING scroll labelled XENIVO XUNU.
   850 | D:1      | 850 ||| READING scroll labelled YWU ASHUNIABU.
   851 | D:1      | 851 ||| READING scroll labelled KUECYC ELEDU.
   852 | D:1      | 852 ||| READING scroll labelled ETUHOPS XIMP.
   853 | D:1      | 853 ||| READING scroll labelled ZIHEDEREPN.
   854 | D:1      | 854 ||| DROPPING scroll of poison.
   969 | D:2      | Reached skill level 3 in Axes
  1073 | D:2      | Identified the +7 spear of the Healing Coward {vorpal,
                  | Int-2 Dex+7}
  1108 | D:2      | Reached XP level 3. HP: 23/23 MP: 3/3
  1587 | D:2      | 1587 ||| DROPPING +0 club.
  1687 | D:2      | 1687 ||| UPGRADING to +0 plate armour of cold resistance.
  1697 | D:2      | 1697 ||| DROPPING +0 scale mail.
  1698 | D:2      | 1698 ||| READING scroll labelled YPPIRU NYETOMU.
  1699 | D:2      | 1699 ||| READING scroll labelled ZUUJOA REMIYLL.
  1700 | D:2      | 1700 ||| READING scroll labelled HAIROA NEKUNOQ.
  1701 | D:2      | 1701 ||| DRINKING 2 puce potions.
  1702 | D:2      | 1702 ||| DRINKING 2 bubbling emerald potions.
  1703 | D:2      | 1703 ||| DROPPING potion of flight.
  1755 | D:3      | Noticed Sigmund
  1764 | D:3      | 1764 ||| DRINKING potion of curing.
  1764 | D:3      | 1764 ||| (to cure confusion)
  1765 | D:3      | Killed Sigmund
  1766 | D:3      | Reached skill level 5 in Axes
  1766 | D:3      | Reached XP level 4. HP: 28/28 MP: 4/4
  1766 | D:3      | Reached XP level 5. HP: 32/32 MP: 5/5
  1836 | D:3      | Noticed a sky beast
  1859 | D:3      | Killed a sky beast
  1860 | D:3      | Reached XP level 6. HP: 23/39 MP: 6/6
  2131 | D:3      | 2131 ||| Stepping ~*~*~tactically~*~*~ (stealth).
  2144 | D:3      | 2144 ||| Stepping ~*~*~tactically~*~*~ (stealth).
  2246 | D:3      | 2246 ||| Stepping ~*~*~tactically~*~*~ (stealth).
  2247 | D:3      | 2247 ||| Stepping ~*~*~tactically~*~*~ (stealth).
  2370 | D:3      | 2370 ||| Stepping ~*~*~tactically~*~*~ (stealth).
  2561 | D:3      | 2561 ||| Stepping ~*~*~tactically~*~*~ (stealth).
  2565 | D:3      | 2565 ||| FLEEEEING.
  2567 | D:3      | 2567 ||| FLEEEEING.
  2568 | D:3      | 2568 ||| FLEEEEING.
  2569 | D:3      | 2569 ||| FLEEEEING.
  2570 | D:3      | 2570 ||| FLEEEEING.
  2571 | D:3      | 2571 ||| FLEEEEING.
  2817 | D:3      | 2817 ||| UPGRADING to +0 cloak.
  2822 | D:3      | 2822 ||| READING scroll labelled MIHIRO GEBRIOMN.
  2823 | D:3      | 2823 ||| DRINKING 2 murky purple potions.
  3070 | D:4      | Noticed Natasha
  3071 | D:4      | 3071 ||| Stepping ~*~*~tactically~*~*~ (stealth).
  3072 | D:4      | 3072 ||| Stepping ~*~*~tactically~*~*~ (stealth).
  3081 | D:4      | Killed Natasha
  3082 | D:4      | Reached skill level 6 in Axes
  3082 | D:4      | Reached XP level 7. HP: 32/44 MP: 7/7
  3239 | D:4      | Noticed Natasha
  3243 | D:4      | Noticed Duvessa
  3247 | D:4      | Killed Natasha
  3251 | D:4      | Killed Duvessa
  3254 | D:4      | 3254 ||| FLEEEEING.
  3255 | D:4      | 3255 ||| FLEEEEING.
  3256 | D:4      | 3256 ||| FLEEEEING.
  3257 | D:4      | 3257 ||| FLEEEEING.
  3258 | D:4      | 3258 ||| FLEEEEING.
  3259 | D:4      | 3259 ||| FLEEEEING.
  3260 | D:4      | 3260 ||| FLEEEEING.
  3261 | D:4      | 3261 ||| FLEEEEING.
  3262 | D:4      | 3262 ||| FLEEEEING.
  3263 | D:4      | 3263 ||| FLEEEEING.
  3264 | D:4      | 3264 ||| FLEEEEING.
  3265 | D:4      | 3265 ||| FLEEEEING.
  3266 | D:4      | 3266 ||| FLEEEEING.
  3267 | D:4      | 3267 ||| FLEEEEING.
  3268 | D:4      | 3268 ||| FLEEEEING.
  3269 | D:4      | 3269 ||| FLEEEEING.
  3270 | D:4      | 3270 ||| FLEEEEING.
  3271 | D:4      | 3271 ||| FLEEEEING.
  3272 | D:4      | 3272 ||| FLEEEEING.
  3273 | D:4      | 3273 ||| FLEEEEING.
  3274 | D:4      | 3274 ||| FLEEEEING.
  3275 | D:4      | 3275 ||| FLEEEEING.
  3276 | D:4      | 3276 ||| STAIRDANCE
  3386 | D:3      | 3386 ||| READING scroll labelled UTOXAP DOSIEG.
  3391 | D:4      | Noticed Natasha
  3404 | D:4      | HP: 8/44 [something/bolt of dispelling energy (6)]
  3405 | D:4      | 3405 ||| READING scroll of teleportation.
  3501 | D:4      | 3501 ||| Invisible monster not found???
  3710 | D:4      | Killed Natasha
  3902 | D:4      | Noticed Ijyb
  3915 | D:4      | Killed Ijyb
  4010 | D:4      | 4010 ||| READING scroll of enchant weapon.
  4010 | D:4      | 4010 ||| ENCHANTING +1 war axe.
  4189 | D:4      | Noticed Dowan
  4205 | D:4      | Killed Dowan
  4386 | D:4      | 4386 ||| READING scroll labelled WOSET XOYTH.
  4386 | D:4      | Identified a scroll of acquirement
  4386 | D:4      | 4386 ||| ACQUIRING +0 buckler of the Maze {rPois rC++
                  | Str+5}
  4386 | D:4      | Acquired the +0 buckler of the Maze {rPois rC++ Str+5}
  4388 | D:4      | 4388 ||| UPGRADING to +0 buckler of the Maze {rPois rC++
                  | Str+5}.
  4398 | D:4      | 4398 ||| DROPPING +0 buckler.
  4399 | D:4      | 4399 ||| DRINKING 2 amethyst potions.
  4399 | D:4      | Gained mutation: You are agile. (Dex +4, Str/Int -1)
                  | [potion of mutation]
  4399 | D:4      | Lost mutation: You are agile. (Dex +4, Str/Int -1) [potion
                  | of mutation]
  4399 | D:4      | Gained mutation: You expend magic power (3 MP) to
                  | strengthen your wands. [potion of mutation]
  4400 | D:4      | 4400 ||| READING 2 scrolls of identify.
  4400 | D:4      | 4400 ||| IDENTIFYING metallic puce potion
  4439 | D:5      | Entered Level 5 of the Dungeon
  4460 | D:5      | Reached skill level 1 in Dodging
  4466 | D:5      | 4466 ||| Stepping ~*~*~tactically~*~*~ (hiding).
  4467 | D:5      | 4467 ||| Stepping ~*~*~tactically~*~*~ (hiding).
  4483 | D:5      | Reached skill level 7 in Axes
  4483 | D:5      | Reached XP level 8. HP: 42/48 MP: 8/8
  4649 | D:5      | 4649 ||| DROPPING +0 whip.
  4676 | D:5      | Noticed Grinder
  4681 | D:5      | Paralysed by Grinder for 2 turns
  4685 | D:5      | Killed Grinder
  4728 | D:5      | 4728 ||| DROPPING +0 flail.
  4748 | D:5      | Reached skill level 8 in Axes
  4796 | D:5      | 4796 ||| Stepping ~*~*~tactically~*~*~ (stealth).
  4798 | D:5      | 4798 ||| Stepping ~*~*~tactically~*~*~ (hiding).
  4803 | D:5      | 4803 ||| Stepping ~*~*~tactically~*~*~ (hiding).
  5118 | D:5      | Reached skill level 6 in Fighting
  5148 | D:5      | 5148 ||| Stepping ~*~*~tactically~*~*~ (stealth).
  5151 | D:5      | 5151 ||| Stepping ~*~*~tactically~*~*~ (stealth).
  5276 | D:5      | 5276 ||| Stepping ~*~*~tactically~*~*~ (stealth).
  5283 | D:5      | 5283 ||| Stepping ~*~*~tactically~*~*~ (stealth).
  5288 | D:5      | 5288 ||| Stepping ~*~*~tactically~*~*~ (stealth).
  5293 | D:5      | 5293 ||| Stepping ~*~*~tactically~*~*~ (stealth).
  5294 | D:5      | 5294 ||| Stepping ~*~*~tactically~*~*~ (stealth).
  5301 | D:5      | 5301 ||| DRINKING 3 potions of curing.
  5301 | D:5      | 5301 ||| (to cure confusion)
  5529 | D:5      | 5529 ||| READING 4 scrolls of identify.
  5529 | D:5      | 5529 ||| IDENTIFYING blue potion
  5530 | D:5      | 5530 ||| READING 3 scrolls of identify.
  5530 | D:5      | 5530 ||| IDENTIFYING black potion
  5531 | D:5      | 5531 ||| DROPPING potion of ambrosia.
  5532 | D:5      | 5532 ||| DROPPING potion of brilliance.
  5665 | D:6      | 5665 ||| Stepping ~*~*~tactically~*~*~ (stealth).
  5683 | D:6      | Noticed Prince Ribbit
  5698 | D:6      | Reached XP level 9. HP: 33/55 MP: 9/9
  5700 | D:6      | HP: 12/55 [ogre/+0 giant club (9)]
  5701 | D:6      | 5701 ||| READING scroll of teleportation.
  5703 | D:6      | Reached skill level 9 in Axes
  5705 | D:6      | Found a staircase to the Ecumenical Temple.
  5706 | D:6      | 5706 ||| PLANNING TEMPLE
  5712 | D:6      | HP: 13/55 [orc wizard/+2 dagger of draining (2)]
  5724 | D:6      | 5724 ||| Stepping ~*~*~tactically~*~*~ (stealth).
  5944 | D:6      | 5944 ||| READING scroll labelled SEAJOWN JOFYWEOME.
  5953 | Temple   | Entered the Ecumenical Temple
  6081 | Temple   | 6081 ||| PLANNING OKAWARU WORSHIP
  6371 | Temple   | Became a worshipper of Warmaster Okawaru
  6372 | Temple   | 6372 ||| PLANNING D:1-11
  6499 | D:6      | Reached skill level 1 in Throwing
  6760 | D:6      | 6760 ||| STAIRDANCE
  6765 | D:5      | HP: 5/55 [Prince Ribbit (10)]
  6766 | D:5      | 6766 ||| READING scroll of teleportation.
  6766 | D:5      | Mangled by Prince Ribbit

Levels and vault maps discovered:
D:1:      shiori_arrival_elements, layout_basic
D:2:      layout_loops_corners, guppyfry_early_lair_pool
D:3:      minmay_recursive_quarters, layout_rooms, serial_curves,
          eino_curves_02, eino_curves_03, uniq_sigmund
D:4:      layout_basic, uniq_natasha, uniq_duvessa, uniq_ijyb
D:5:      layout_loops_ring, uniq_grinder
D:6:      layout_basic, minmay_temple_entry_statues_pillars, serial_glass,
          glass_columns_c, glass_columns_b, water_boxes_lemuel,
          uniq_prince_ribbit1
Temple:   mainiacjoe_temple_big_plus

Skill      XL: |  1  2  3  4  5  6  7  8  9 |
---------------+----------------------------+-----
Axes           | 2 3 5 6 7 8 9 |  9.1
Fighting       | 4 6 |  6.0
Armour         | 4 5 |  5.0
Dodging        | 1 |  1.2
Throwing       | 1 |  1.2
Shields        | |  3.9

Action                   |  1- 3 |  4- 6 |  7- 9 || total
-------------------------+-------+-------+-------++-------
Melee: War axe           |    60 |   129 |   266 ||   455
Throw: Boomerang         |       |       |     4 ||     4
  Use: Scroll            |     9 |     1 |    10 ||    20
       Potion            |     3 |     1 |     2 ||     6
 Stab: Distracted        |       |     1 |       ||     1
Armor: Scale mail        |    27 |       |       ||    27
       Plate armour      |     4 |    86 |   155 ||   245
Dodge: Dodged            |    27 |    23 |    64 ||   114
Block: Buckler           |    11 |    21 |    43 ||    75

Table legend:
 A = Non-vault XP
 B = Vault XP
 C = Vault XP percentage of total XP
 D = Non-vault monster count
 E = Vault monster count
 F = Vault count percentage of total count
                 A         B        C        D         E       F
            +---------+---------+-------+---------+---------+-------
      Total |    1969 |     878 |  30.8 |     116 |      12 |   9.4
            +---------+---------+-------+---------+---------+-------
        D:1 |      28 |       0 |   0.0 |      18 |       0 |   0.0
        D:2 |      17 |       0 |   0.0 |       9 |       0 |   0.0
        D:3 |     217 |     310 |  58.8 |      21 |       7 |  25.0
        D:4 |     116 |     282 |  70.9 |      17 |       4 |  19.0
        D:5 |     920 |     286 |  23.7 |      26 |       1 |   3.7
        D:6 |     671 |       0 |   0.0 |      25 |       0 |   0.0
            +---------+---------+-------+---------+---------+-------
